 Dungeon Crawl Stone Soup version 0.29.1-13-g9f3cf754e1 (webtiles) character file.

Game seed: 15952060669183586566

690 hbarley the Chopper (level 7, -7/60 HPs)
             Began as a Hill Orc Fighter on Jan 30, 2023.
             Engulfed by a steam dragon's steam (10 damage)
             ... on level 5 of the Dungeon.
             The game lasted 00:13:19 (3579 turns).

hbarley the Chopper (Hill Orc Fighter)              Turns: 3579, Time: 00:13:20

Health: -7/60      AC: 16    Str: 19    XL:     7   Next: 63%
Magic:  7/7        EV:  6    Int:  8    God:
Gold:   192        SH:  5    Dex: 15    Spells: 6/6 levels left

rFire   . . .      SeeInvis .   i - +1 hand axe (flame)
rCold   + . .      Faith    .   c - +0 buckler
rNeg    . . .      Spirit   .   H - +0 plate armour
rPois   .          Reflect  .   (no helmet)
rElec   .          Harm     .   g - +0 cloak
rCorr   .          Rampage  .   B - +1 pair of gloves {Dex+3}
Will    .....                   (no boots)
Stlth   ..........              w - amulet of the acrobat
HPRegen 0.20/turn               G - ring of protection from cold
MPRegen 0.10/turn               (no ring)

@: mighty
A: no striking features
a: no special abilities


You were on level 5 of the Dungeon.
You visited 1 branch of the dungeon, and saw 5 of its levels.

You collected 192 gold pieces.

Inventory:

Hand Weapons
 a - a +0 war axe
 i - a +1 hand axe of flaming (weapon)
Armour
 b - a +0 scale mail
 c - a +0 buckler (worn)
 g - a +0 cloak (worn)
 n - a +0 chain mail
 x - a +0 pair of gloves
 B - a +1 pair of gloves of dexterity (worn)
 H - a +0 plate armour (worn)
Jewellery
 w - an amulet of the acrobat (around neck)
 G - a ring of protection from cold (left hand)
Wands
 y - a wand of flame (13)
Scrolls
 e - 7 scrolls of identify {unknown}
 h - 3 scrolls of teleportation {unknown}
 j - 2 scrolls of poison {unknown}
 k - 2 scrolls of immolation {unknown}
 l - a scroll of summoning {unknown}
 t - a scroll of butterflies {unknown}
 u - a scroll of vulnerability {unknown}
 A - a scroll of blinking {unknown}
 E - a scroll of acquirement {unknown}
 F - a scroll of noise {unknown}
 J - a scroll of enchant weapon {unknown}
Potions
 d - 2 potions of berserk rage {unknown}
 f - 3 potions of brilliance {unknown}
 m - a potion of magic {unknown}
 o - 2 potions of invisibility {unknown}
 p - 3 potions of heal wounds {unknown}
 q - 2 potions of flight {unknown}
 r - 3 potions of curing {unknown}
 s - a potion of attraction {unknown}
 z - a potion of degeneration {unknown}
 C - a potion of mutation {unknown}
 D - a potion of cancellation {unknown}
 I - a potion of ambrosia {unknown}


   Skills:
 + Level 4.9 Fighting
 + Level 7.4 Axes
 + Level 5.7 Armour
 + Level 1.1 Dodging
 - Level 1.0 Stealth
 + Level 4.2 Shields


You had 6 spell levels left.
You didn't know any spells.
Your spell library contained the following spells:

 Spells                   Type           Power      Damage    Failure   Level
 Sting                    Tmut/Pois      0%         1d3       100%        1
 Poisonous Vapours        Pois/Air       0%         N/A       100%        2
 Olgreb's Toxic Radiance  Pois           0%         N/A       100%        4
 Dispersal                Tloc           0%         N/A       100%        6
 Ozocubu's Refrigeration  Ice            0%         4d7       100%        7
 Disjunction              Tloc           0%         N/A       100%        8
 Ignition                 Fire           0%         3d3       100%        8


Dungeon Overview and Level Annotations

Branches:
Dungeon (5/15)
 Temple: D:4-7

Altars:
Wu Jian
Yredelemnul
Zin

Shops:
D:1 :   D:5 [


Message History

The ball of steam misses you.
Found a fizzy amethyst potion.
You see here a fizzy amethyst potion.
A steam dragon is nearby!
You closely miss the steam dragon. The steam dragon breathes steam at you.
The ball of steam hits you!
You completely miss the steam dragon.
You are engulfed in a cloud of scalding steam.
The steam dragon bites you.
The steam dragon claws you but does no damage.
You hit the steam dragon. You burn the steam dragon.
The steam dragon is lightly wounded.
You are engulfed in a cloud of scalding steam.
The steam dragon bites you. The steam dragon claws you.
You hit the steam dragon. You burn the steam dragon.
The steam dragon is moderately wounded.
The steam dragon breathes steam at you. The ball of steam hits you!
You feel very mighty all of a sudden.
You are engulfed in a cloud of scalding steam.
* * * LOW HITPOINT WARNING * * *
The steam dragon barely misses you.
The steam dragon claws you but does no damage.
You hit the steam dragon. You burn the steam dragon.
The steam dragon is heavily wounded.
You are engulfed in a cloud of scalding steam.
* * * LOW HITPOINT WARNING * * *
The steam dragon bites you but does no damage.
The steam dragon closely misses you.
You slash the steam dragon! You burn the steam dragon.
The steam dragon is almost dead.
You are engulfed in a cloud of scalding steam.
* * * LOW HITPOINT WARNING * * *
You block the steam dragon's attack.
The steam dragon claws you but does no damage.
You barely miss the steam dragon.
The steam dragon is almost dead.
You are engulfed in a cloud of scalding steam.
You die...

##########
+§.§.@D..#
########.#
#.# #.#
###.#
#.######§..#
#......§§###
#######§§# #
#..#
#######+####


You could see a steam dragon (catching breath).

Vanquished Creatures
  Sigmund (D:2)
  A phantom (D:4)
  2 scorpions
  A howler monkey (D:4)
  A jelly (D:5)
  3 hounds
  2 iguanas (D:5)
  Robin (D:2)
  5 adders
  3 worms
  A dart slug (D:5)
  7 ball pythons
  3 endoplasms
  A giant cockroach (D:1)
  11 goblins
  9 hobgoblins
  9 kobolds
  2 quokkas
  7 bats
  4 frilled lizards
  7 rats
81 creatures vanquished.

Notes
Turn   | Place    | Note
-------+----------+-------------------------------------------
     0 | D:1      | hbarley the Hill Orc Fighter began the quest for the Orb.
     0 | D:1      | Reached XP level 1. HP: 19/19 MP: 1/1
   130 | D:1      | Reached skill level 3 in Axes
   130 | D:1      | Reached XP level 2. HP: 27/27 MP: 2/2
   332 | D:1      | Found a faded altar of an unknown god.
   730 | D:1      | Found Ityusuuf's Vocational Training.
   874 | D:2      | Reached XP level 3. HP: 33/33 MP: 3/3
   999 | D:2      | Noticed Robin
  1017 | D:2      | Killed Robin
  1018 | D:2      | Reached XP level 4. HP: 18/40 MP: 4/4
  1372 | D:2      | Noticed Sigmund
  1379 | D:2      | Killed Sigmund
  1380 | D:2      | Reached skill level 5 in Axes
  1380 | D:2      | Reached skill level 1 in Stealth
  1380 | D:2      | Reached XP level 5. HP: 43/47 MP: 5/5
  1380 | D:2      | Reached XP level 6. HP: 49/53 MP: 6/6
  1811 | D:3      | Found a basalt altar of Yredelemnul.
  2002 | D:3      | You fall into a shaft and drop 2 floors!
  2002 | D:5      | Entered Level 5 of the Dungeon
  2049 | D:5      | Reached skill level 1 in Dodging
  2061 | D:5      | Reached skill level 5 in Armour
  2182 | D:5      | Reached skill level 6 in Axes
  2268 | D:4      | Found a glowing silver altar of Zin.
  2294 | D:4      | Reached XP level 7. HP: 55/60 MP: 7/7
  2331 | D:4      | Found an ornate altar of the Wu Jian Council.
  2638 | D:4      | Reached skill level 7 in Axes
  3493 | D:5      | Found Loulec's Armour Emporium.
  3518 | D:5      | Identified the +1 robe of the Valley {rPois Int+2}
  3541 | D:5      | Identified the +3 dagger of Kocueses {antimagic, rF+}
  3549 | D:5      | Noticed a steam dragon
  3578 | D:5      | HP: 3/60 [steam dragon] (8)]
  3579 | D:5      | Engulfed by a steam dragon's steam

Illustrated notes

Levels and vault maps discovered:
D:1:      dpeg_arrival_renting, layout_loops_ring,
          chequers_ecumenical_altar_twisty, hex_medium, nicolae_shop_vocational
D:2:      layout_basic, grunt_ministairs_5, uniq_robin, uniq_sigmund
D:3:      layout_loops_ring, yredelemnul_altar_generic
D:4:      layout_basic, nicolae_overflow_crystal_walls,
          pdpol_wu_jian_five_deadly_venoms, chequers_mini_garden
D:5:      layout_basic, amcnicky_altar_gilded, serial_shops,
          nicolae_stop_n_shop_2

Skill      XL: |  1  2  3  4  5  6  7 |
---------------+----------------------+-----
Axes           | 3 5 6 7 |  7.4
Armour         | 4 5 |  5.7
Fighting       | 4 |  4.9
Stealth        | 1 |  1.0
Shields        | 4 |  4.2
Dodging        | 1 |  1.1

Action                   |  1- 3 |  4- 6 |  7- 9 || total
-------------------------+-------+-------+-------++-------
Melee: War axe           |    37 |       |       ||    37
       Hand axe          |    58 |    72 |    72 ||   202
  Use: Potion            |     1 |       |     1 ||     2
Armor: Scale mail        |    34 |       |       ||    34
       Chain mail        |    22 |    31 |    11 ||    64
       Plate armour      |       |       |     9 ||     9
Dodge: Dodged            |    34 |    20 |    20 ||    74
Block: Buckler           |    24 |    14 |    15 ||    53
